 Dungeon Crawl Stone Soup version 0.27-b1-41-gafb5482f4b (webtiles) character file.

Game seed: 14281249908633056380

8650 Brandom the Thrower (level 11, -6/150 HPs)
             Began as a Human Hunter on July 28, 2021.
             Was an Elder of Okawaru.
             Mangled by Snorg (14 damage)
             ... on level 9 of the Dungeon.
             The game lasted 00:47:50 (18118 turns).

Brandom the Thrower (Human Hunter)                 Turns: 18118, Time: 00:47:51

Health: -6/150     AC: 25    Str: 15    XL:     11   Next: 59%
Magic:  15/20      EV:  2    Int: 13    God:    Okawaru [****..]
Gold:   156        SH:  0    Dex: 13    Spells: 10/10 levels left

rFire    . . .     SeeInvis .   q - +2 dagger (venom)
rCold    . . .     Faith    .   (no shield)
rNeg     + + +     Spirit   .   (armour currently unavailable)
rPois    +         Reflect  .   (helmet currently unavailable)
rElec    .         Harm     .   (cloak currently unavailable)
rCorr    .         Rampage  .   (gloves currently unavailable)
Will     .....     NoTele   +   (boots currently unavailable)
Stlth    ++........             (no amulet)
HPRegen  0.35/turn              y - ring of magical power
MPRegen  0.17/turn              (no ring)

@: tree-form
A: stationary, stasis, torment immunity, boosted hp, robust 1, (electricity
resistance)
a: Renounce Religion, Heroism


You were on level 9 of the Dungeon.
You worshipped Okawaru.
Okawaru was greatly pleased with you.
You were a tree.
You visited 2 branches of the dungeon, and saw 11 of its levels.

You collected 496 gold pieces.
You spent 340 gold pieces at shops.

Inventory:

Hand Weapons
 a - a +0 short sword
 q - a +2 dagger of venom (weapon)
   (You took it off a kobold on level 8 of the Dungeon)
 A - a +0 dagger of venom
   (You took it off a goblin on level 4 of the Dungeon)
Missiles
 h - 13 atropa-tipped darts
 i - 71 poisoned darts
 t - a silver javelin
 v - 2 curare-tipped darts {!f}
 K - 2 javelins
 L - a throwing net (quivered) {!f}
 M - 10 boomerangs
Armour
 b - a +0 leather armour
 c - a +0 helmet (melded)
   (You took it off Robin on level 3 of the Dungeon)
 e - a +0 ring mail
   (You found it on level 1 of the Dungeon)
 o - +0 ice dragon scales (melded)
   (You found it on level 6 of the Dungeon)
 p - a +2 pair of boots (melded)
   (You found it on level 6 of the Dungeon)
 F - a +0 cloak
   (You took it off Crazy Yiuf on level 7 of the Dungeon)
Jewellery
 k - a ring of resist corrosion
   (You found it on level 5 of the Dungeon)
 y - a ring of magical power (left branch)
   (You found it on level 4 of the Dungeon)
 E - a +6 ring of intelligence
   (You found it on level 7 of the Dungeon)
Wands
 d - a wand of iceblast (4)
   (You found it on level 7 of the Dungeon)
 u - a wand of paralysis (11)
   (You found it on level 9 of the Dungeon)
 x - a wand of acid (5)
   (You found it on level 9 of the Dungeon)
Scrolls
 f - a scroll of fog
 j - 4 scrolls of immolation {!r}
 l - a scroll of blinking
 m - a scroll of fear
 n - 3 scrolls of enchant armour
 s - 4 scrolls of teleportation {@r4}
 w - a scroll of vulnerability {!r}
 z - a scroll of magic mapping
 D - a scroll of amnesia
 G - 5 scrolls of identify {@r1}
 H - a scroll of summoning {unknown}
Potions
 g - 3 potions of lignification {!q}
 B - a potion of invisibility
 C - a potion of mutation {!q}
 I - a potion of brilliance {unknown}
 J - a potion of magic
Miscellaneous
 r - a lightning rod (inert) {!a}
   (You found it on level 9 of the Dungeon)


   Skills:
 * Level 10.2 Fighting
 * Level 10.7 Throwing
 + Level 5.3 Armour
 + Level 8.7 Dodging
 - Level 1.0 Stealth


You had 10 spell levels left.
You didn't know any spells.
Your spell library contained the following spells:

 Spells                   Type           Power      Damage    Failure   Level
 Ensorcelled Hibernation  Hex/Ice        0%         N/A       43%         2
 Static Discharge         Conj/Air       0%         N/A       43%         2
 Ignite Poison            Fire/Tmut/Pois 0%         N/A       67%         3
 Mephitic Cloud           Conj/Pois/Air  0%         N/A       67%         3
 Spider Form              Tmut/Pois      0%         N/A       67%         3
 Tukima's Dance           Hex            0%         N/A       67%         3
 Passage of Golubria      Tloc           N/A        N/A       97%         4
 Bolt of Magma            Conj/Fire/Erth 0%         4d4       100%        5
 Lightning Bolt           Conj/Air       0%         1d11      100%        5
 Yara's Violent Unravell  Hex/Tmut       0%         3d3       100%        5
 Shadow Creatures         Summ           N/A        N/A       100%        6
 Maxwell's Capacitive Co  Air            0%         ∞         100%        8


Dungeon Overview and Level Annotations

Branches:
Dungeon (10/15)            Temple (1/1) D:4            Lair (0/6) D:8
    Orc: D:9-12

Altars:
Ashenzari
Cheibriados
Dithmenos
Elyvilon
Fedhas
Gozag
Hepliaklqana
Kikubaaqudgha
Makhleb
Nemelex Xobeh
Okawaru
Qazlal
Ru
Sif Muna
Trog
Uskayaw
Vehumet
Wu Jian
Xom
Yredelemnul
Zin
The Shining One

Shops:
D:2 !   D:5 *   D:6 ?   D:8 *

Annotations:
D:4 1 exclusion
D:9 2 transporters, Hyawatha's ghost, novice MfIE; Snorg


Innate Abilities, Weirdness & Mutations

You are a tree.
Your roots penetrate the ground, keeping you stationary.
You cannot be teleported.
You are immune to unholy pain and torment.
Your maximum health is greatly increased.
Your equipment is partially melded.
You are robust. (+10% HP)
((You are resistant to electric shocks. (rElec)))


Message History

Aim: Snorg (lightly wounded, berserk, very poisoned, slow, 71% to hit)
You throw a silver javelin. The silver javelin barely misses Snorg.
Throw: 3 javelins (silver)
Aim: Snorg (lightly wounded, berserk, very poisoned, slow, 71% to hit)
You throw a silver javelin.
The silver javelin pierces through Snorg!!
Throw: 2 javelins (silver)
Aim: Snorg (heavily wounded, berserk, very poisoned, slow, 71% to hit)
You throw a silver javelin.
The silver javelin pierces through Snorg!!
Throw: 4 throwing nets {!f}
Aim: Snorg (heavily wounded, berserk, very poisoned, slow, 71% to hit)
You throw a throwing net {!f}.
The throwing net {!f} barely misses Snorg.
Throw: 3 throwing nets {!f}
Aim: Snorg (heavily wounded, berserk, very poisoned, slow, 71% to hit)
You throw a throwing net {!f}.
The throwing net {!f} barely misses Snorg.
Throw: 2 throwing nets {!f}
Aim: Snorg (heavily wounded, berserk, very poisoned, slow, 71% to hit)
You throw a throwing net {!f}. The throwing net {!f} hits Snorg.
Snorg is caught in the net!
You hit Snorg.
Snorg looks even sicker.
Snorg struggles against the net.
You puncture Snorg!
You feel like a meek peon again.
You hit Snorg.
Snorg looks as sick as possible!
Snorg struggles against the net.
You strike the helpless Snorg from behind!
You puncture Snorg!
Snorg looks as sick as possible!
Your hands slow down.
You hit Snorg.
Snorg struggles against the net.
You hit Snorg.
Snorg looks as sick as possible!
Snorg is no longer moving slowly.
Snorg struggles against the net.
You hit Snorg but do no damage.
Snorg struggles against the net. x2
The net rips apart, and Snorg comes free!
You hit Snorg.
Snorg looks as sick as possible!
Snorg bites you!
* * * LOW HITPOINT WARNING * * *
Snorg claws you but does no damage. Snorg barely misses you.
Really quaff
g - 4 potions of lignification {!q}?
Really quaff the potion of lignification?
You turn into a tree.
Your +0 helmet melds into your body.
Your +2 pair of boots melds into your body.
Your +0 ice dragon scales melds into your body.
Your roots penetrate the ground.
Snorg bites you but does no damage. Snorg claws you!
* * * LOW HITPOINT WARNING * * *
Snorg claws you.
* * * LOW HITPOINT WARNING * * *
Snorg bites you!
You die...

###...##....#...
##...........###.
##.####........###
#.## ##.....###
### ##...## #..##
#..# ### ##.##
#♣### #..# #
##T.####.÷# #
##...##.## ##
##...((## ##.
#.(.#(.######..
##.###.....##...
#.## #.......###
### ##.>##..#..
#..###.#..


You could see Snorg (berserk, extremely poisoned).

Vanquished Creatures
  2 two-headed ogres (D:9)
  A fire crab (shapeshifter) (D:9)
  An unseen horror (D:7)
  A komodo dragon (D:8)
  A troll (D:9)
  Prince Ribbit (D:5)
  Grinder (D:3)
  7 yaks
  A wyvern (D:9)
  6 water moccasins
  5 orc warriors
  A sky beast (D:6)
  4 ogres
  6 centaurs
  A phantom (D:6)
  4 kobold brigands
  4 bullfrogs
  A wyvern zombie (D:9)
  A gnoll sergeant (D:7)
  A water moccasin skeleton (D:5)
  8 killer bees
  6 wights
  4 howler monkeys
  2 centaur skeletons (D:5)
  6 centaur zombies
  Crazy Yiuf (D:7)
  A gnoll shaman (D:10)
  A hound (D:6)
  4 orc priests
  Ijyb (D:3)
  3 iguanas
  5 orc wizards
  Robin (D:3)
  A howler monkey zombie (D:8)
  10 gnolls
  A howler monkey skeleton (D:6)
  8 adders
  3 shadow imps
  A white imp (D:5)
  A worm (D:4)
  26 orcs
  4 bats
  2 endoplasms
  A giant cockroach (D:4)
  17 goblins
  12 hobgoblins
  3 jackals (D:4)
  26 kobolds
  4 ball pythons
  4 frilled lizards
  3 rats
220 creatures vanquished.

Vanquished Creatures (others)
  An orc wizard (D:9)
  31 plants (D:8)
32 creatures vanquished.

Grand Total: 252 creatures vanquished

Notes
Turn   | Place    | Note
-------+----------+-------------------------------------------
     0 | D:1      | Brandom the Human Hunter began the quest for the Orb.
     0 | D:1      | Reached XP level 1. HP: 16/16 MP: 1/1
   420 | D:1      | Reached XP level 2. HP: 16/22 MP: 2/2
  1254 | D:2      | Reached XP level 3. HP: 16/28 MP: 3/3
  1613 | D:2      | You fall into a shaft and drop 2 floors!
  1642 | D:4      | Found a glowing silver altar of Zin.
  2097 | D:2      | Found Pibe's Distillery.
  2120 | D:2      | Bought a potion of heal wounds for 60 gold pieces
  2120 | D:2      | Bought a potion of curing for 36 gold pieces
  2492 | D:3      | Noticed Robin
  2513 | D:3      | Reached XP level 4. HP: 28/34 MP: 4/4
  2514 | D:3      | Killed Robin
  2747 | D:3      | Found a faded altar of an unknown god.
  3008 | D:3      | Noticed Grinder
  3013 | D:3      | Killed Grinder
  3014 | D:3      | Reached skill level 5 in Throwing
  3014 | D:3      | Reached XP level 5. HP: 42/42 MP: 5/5
  3014 | D:3      | Reached XP level 6. HP: 48/48 MP: 6/6
  3301 | D:3      | Noticed Ijyb
  3303 | D:3      | Killed Ijyb
  3339 | D:4      | Found a staircase to the Ecumenical Temple.
  3346 | Temple   | Entered the Ecumenical Temple
  3481 | Temple   | Became a worshipper of Warmaster Okawaru
  4505 | D:5      | Entered Level 5 of the Dungeon
  4511 | D:5      | Noticed Prince Ribbit
  4869 | D:5      | Noticed an ogre
  4880 | D:5      | Killed an ogre
  4881 | D:5      | Reached XP level 7. HP: 16/55 MP: 7/7
  5661 | D:5      | Killed Prince Ribbit
  5661 | D:5      | Reached * piety under Okawaru
  5662 | D:5      | Reached skill level 5 in Fighting
  5662 | D:5      | Reached skill level 5 in Dodging
  5662 | D:5      | Reached XP level 8. HP: 48/62 MP: 8/8
  6583 | D:5      | Found Royvvum's Serpentskin Sales.
  6614 | D:5      | Reached ** piety under Okawaru
  6900 | D:5      | Bought 14 poisoned darts for 72 gold pieces
  7530 | D:6      | Gained mutation: You have a pair of small antennae on your
                  | head. [potion of mutation]
  7531 | D:6      | Lost mutation: You have a pair of small antennae on your
                  | head. [potion of mutation]
  7531 | D:6      | Gained mutation: Your body sometimes deteriorates upon
                  | taking damage. [potion of mutation]
  7531 | D:6      | Gained mutation: Your mind is acute. (Int +2) [potion of
                  | mutation]
  7531 | D:6      | Gained mutation: Your skin changes colour to match your
                  | surroundings (Stealth+). [potion of mutation]
  7572 | D:6      | Found Itriw's Magic Scroll Shoppe.
  7622 | D:6      | Reached XP level 9. HP: 17/70 MP: 9/9
  8221 | D:6      | Reached skill level 1 in Armour
  8656 | D:6      | Reached *** piety under Okawaru
  8999 | D:7      | Lost mutation: Your body sometimes deteriorates upon taking
                  | damage. [potion of mutation]
  8999 | D:7      | Lost mutation: Your skin changes colour to match your
                  | surroundings (Stealth+). [potion of mutation]
  8999 | D:7      | Lost mutation: Your mind is acute. (Int +2) [potion of
                  | mutation]
  8999 | D:7      | Gained mutation: You are robust. (+10% HP) [potion of
                  | mutation]
  8999 | D:7      | Gained mutation: You are resistant to electric shocks.
                  | (rElec) [potion of mutation]
  9679 | D:7      | Found a runed translucent door.
  9680 | D:7      | Noticed Crazy Yiuf
 10662 | D:7      | Killed an unseen horror
 10663 | D:7      | Reached XP level 10. HP: 35/87 MP: 10/10
 11665 | D:7      | Killed Crazy Yiuf
 11872 | D:6      | Bought a scroll of blinking for 112 gold pieces
 11872 | D:6      | Bought a scroll of identify for 30 gold pieces
 11872 | D:6      | Bought a scroll of identify for 30 gold pieces
 12514 | D:8      | Found Keonkyoplu's Assorted Antiques.
 12519 | D:8      | Reached **** piety under Okawaru
 13219 | D:8      | Found a staircase to the Lair.
 13243 | D:8      | Noticed a komodo dragon
 13755 | D:8      | Killed a komodo dragon
 14930 | D:9      | Found a transporter.
 14930 | D:9      | Noticed Hyawatha's ghost (novice MfIE)
 14936 | D:9      | Found a transporter.
 14995 | D:9      | Noticed a spectral centaur warrior
 15327 | D:9      | Received a gift from Okawaru
 15756 | D:9      | Reached XP level 11. HP: 55/92 MP: 11/11
 15933 | D:9      | Noticed a fire crab
 15933 | D:9      | a queen bee changed into a fire crab
 15934 | D:9      | Noticed a two-headed ogre
 15939 | D:9      | Noticed a two-headed ogre
 15956 | D:9      | Killed a fire crab
 15956 | D:9      | Received a gift from Okawaru
 15957 | D:9      | Reached skill level 10 in Throwing
 15958 | D:9      | Killed a two-headed ogre
 15958 | D:9      | Reached ***** piety under Okawaru
 15985 | D:9      | Killed a two-headed ogre
 15985 | D:9      | Received a gift from Okawaru
 15986 | D:9      | Reached skill level 10 in Fighting
 15986 | D:9      | Reached skill level 5 in Armour
 16872 | D:9      | Found a hide-covered altar of Uskayaw.
 17392 | D:9      | Received a gift from Okawaru
 17624 | D:10     | Entered Level 10 of the Dungeon
 18078 | D:10     | Noticed Snorg
 18118 | D:9      | Mangled by Snorg

Illustrated notes

Levels and vault maps discovered:
D:1:      sevenhm_arrival_forest_fort_small_3, layout_loops_cross
D:2:      layout_loops_ring, serial_shops, nicolae_lakefront_shop,
          serial_bayou_pond_c, minmay_lizard_pond
D:3:      layout_basic, basic_ecumenical_altar, uniq_grinder, uniq_ijyb,
          uniq_robin
D:4:      kennysheep_goblin_castle, layout_rooms, zin_scriptorium,
          minmay_temple_entry_statues_fountains, serial_rivers,
          chequers_serial_rivers_small_b, chequers_serial_rivers_small_a,
          chequers_serial_rivers_marsh, chequers_serial_rivers_micro_c,
          chequers_serial_rivers_large_b, chequers_serial_rivers_small_3,
          kennysheep_generic_room_3
D:5:      layout_basic, minmay_statues_item, guppyfry_shop_venom,
          uniq_prince_ribbit1
D:6:      layout_cave_pods, serial_shops, nicolae_shop_behind_doors,
          kennysheep_another_room, minmay_increasing_density
D:7:      layout_basic, st_stairs_3, grunt_ministairs_11,
          uniq_crazy_yiuf_cottage
D:8:      layout_basic, david_lair_shrubbed, serial_shops, shop
D:9:      minmay_slanted_spiral_squares, layout_layer_cave,
          mainiacjoe_overflow_24_doors, gammafunk_ghost_mausoleum,
          grunt_ministairs_14
D:10:     layout_stronghold, library_closet, uniq_fannar, uniq_snorg
Temple:   regret_index_temple_chain_breaker

Skill      XL: |  1  2  3  4  5  6  7  8  9 10 11 |
---------------+----------------------------------+-----
Fighting       | 3 4 5 6 7 9 10 | 10.2
Dodging        | 3 4 5 6 7 8 |  8.7
Throwing       | 5 6 7 8 9 10 | 10.7
Armour         | 2 4 5 |  5.3
Stealth        | |  1.0

Action                   |  1- 3 |  4- 6 |  7- 9 | 10-12 || total
-------------------------+-------+-------+-------+-------++-------
Melee: Short sword       |   121 |   115 |       |       ||   236
       Dagger            |       |    23 |   368 |   574 ||   965
       Punch             |       |       |     2 |       ||     2
       Unarmed           |       |       |     5 |       ||     5
Throw: Boomerang         |     6 |     9 |    10 |       ||    25
       Javelin           |     4 |     2 |    20 |    19 ||    45
       Dart              |       |     7 |    35 |   106 ||   148
       Throwing net      |       |     1 |       |     3 ||     4
Invok: Heroism           |       |       |     3 |     1 ||     4
       Finesse           |       |       |       |     1 ||     1
Evoke: Wand              |       |    13 |    15 |     2 ||    30
       Lightning rod     |       |       |       |     4 ||     4
  Use: Scroll            |       |     3 |    10 |     3 ||    16
       Potion            |       |       |     6 |     3 ||     9
 Stab: Paralysed         |       |       |    12 |       ||    12
       Held in net/web   |       |       |       |     1 ||     1
Armor: Ring mail         |    50 |    46 |    73 |       ||   169
       Ice dragon scales |       |       |   167 |   339 ||   506
       Skin              |       |       |     4 |     1 ||     5
Dodge: Dodged            |    72 |   104 |   349 |   410 ||   935
